Map: Lerilak Crest

Players

ZenChii - Winner!

  • Race: Zerg Zerg
  • League: Diamond

LilDicky

  • Race: Terran Terran
  • League: Diamond

VOD

http://www.twitch.tv/tumescentpie

Description

Time

  • Played on: Dec. 8, 2015, 12:47 p.m.
  • Length: 10:40
Show
View Real Time Build Order
Export as new Build Order

ZenChii Zerg - Winner!

Build Orders: Pool First, Zergling Baneling 

Get SALT Encoding   

  12  0:01  Drone  
  13  0:08  Drone  
  14  0:16  Overlord  
  14  0:25  Extractor  
  14  0:27  Drone  
  14  0:28  Extractor  
  13  0:29  Drone  
  16  0:36  Drone  
  17  0:49  Spawning Pool  
  16  0:50  Drone  
  17  1:01  Drone  
  18  1:12  Hatchery  
  18  1:16  Extractor  
  16  1:21  Drone x2  
  18  1:27  Drone  
  19  1:36  Queen  
  21  1:40  Drone  
  22  1:49  Overlord  
  22  2:12  Hatchery  
  22  2:13  Zergling x2  
  22  2:24  Queen  
  24  2:32  Metabolic Boost  
  24  2:33  Drone x2  
  24  2:34  Drone x2  
  28  2:47  Overlord  
  28  2:49  Drone  
  28  2:50  Drone x2  
  30  3:01  Drone  
  30  3:02  Drone x2  
  33  3:06  Drone  
  33  3:09  Queen  
  36  3:19  Overlord  
  36  3:22  Baneling Nest  
  35  3:35  Zergling x2  
  35  3:36  Zergling x14  
  35  3:37  Zergling x2  
  35  3:39  Zergling x2  
  35  3:41  Zergling x2  
  46  3:43  Zergling x2  
  47  3:56  Zergling x8  
  51  4:08  Baneling x5  
  51  4:09  Baneling x4  
  40  4:48  Drone  
  40  4:49  Drone x4, Zergling x2  
  40  4:50  Zergling x12  
  40  4:51  Zergling x6  
  40  4:52  Queen x2  
  57  5:08  Queen  
  57  5:13  Zergling x2  
  57  5:14  Zergling x2  
  58  5:33  Overlord x3  
  57  5:38  Baneling  
  57  5:39  Baneling x5  
  57  5:44  Queen  
  57  5:51  Queen  
  55  6:14  Queen  
  56  6:19  Queen  
  56  6:20  Zergling x8  
  56  6:21  Zergling x16  
  69  6:48  Lair  
  69  6:53  Drone x2  
  69  6:54  Drone x10  
  73  6:55  Drone x2  
  73  6:56  Overlord x4  
  78  7:34  Drone  
  78  7:35  Drone x10  
  78  7:36  Drone x2  
  90  7:39  Extractor x2  
  90  7:41  Extractor  
  90  7:42  Extractor x2  
  72  8:10  Drone  
  73  8:19  Spire  
  70  8:34  Evolution Chamber x2  
  70  8:39  Hatchery  
  70  8:40  Spine Crawler  
  66  8:42  Spore Crawler  
  66  8:44  Spine Crawler  
  64  8:52  Spore Crawler  
  64  8:53  Drone x2  
  63  9:11  Drone x2  
  65  9:25  Zergling x2  
  65  9:26  Zergling x18  
  65  9:27  Zergling x20  
  65  9:28  Zergling x16  
  89  9:34  Mutalisk  
  82  9:52  Drone x2  
  77  9:53  Drone  
  77  9:54  Drone x2, Overlord x2  
  80  10:09  Drone  
  80  10:10  Drone x2  
  80  10:13  Overlord  
  83  10:18  Overseer  
Show
View Real Time Build Order
Export as new Build Order

LilDicky Terran 

Build Orders:  

Get SALT Encoding   

  12  0:03  SCV  
  13  0:15  SCV  
  14  0:27  SCV  
  15  0:31  Supply Depot  
  15  0:42  Refinery  
  15  0:52  SCV  
  15  0:55  Barracks  
  16  1:04  SCV  
  17  1:17  SCV  
  18  1:29  SCV  
  19  1:44  Marine  
  20  1:47  Command Center, Orbital Command  
  20  1:55  Supply Depot  
  20  1:57  Refinery  
  21  2:10  Factory  
  21  2:14  Marine  
  21  2:22  SCV  
  22  2:34  SCV, Marine  
  24  2:46  SCV  
  25  2:52  Marine  
  25  2:53  Armory  
  26  3:01  Factory Tech Lab, Starport  
  26  3:10  Orbital Command  
  26  3:14  SCV  
  27  3:25  Marine  
  27  3:26  SCV  
  29  3:37  Bunker  
  29  3:45  Thor  
  35  3:51  Medivac  
  35  3:54  SCV x2  
  39  4:00  Bunker  
  39  4:09  Supply Depot  
  38  4:11  Engineering Bay  
  38  4:22  Marine  
  30  4:39  Marine  
  30  4:40  Liberator  
  30  4:43  Supply Depot  
  31  4:46  SCV x2  
  27  4:57  Marine  
  27  5:18  Orbital Command, Marine  
  27  5:36  Marine  
  28  6:25  SCV x2  
  30  6:37  SCV  
  31  6:44  Orbital Command, Marine  
  24  6:55  Thor  
  28  7:04  Marine  
  29  7:18  SCV  
  31  7:26  Barracks x5  
  31  7:28  Barracks  
  29  7:30  SCV  
  30  7:57  Marine  
  20  8:07  Orbital Command  
  20  8:13  Marine x5  
  20  8:16  SCV  
  26  8:20  Liberator  
  26  8:28  SCV  
  27  8:39  Marine x7  
  27  8:40  SCV  
  38  8:51  Bunker  
  38  8:53  SCV  
  39  8:56  Marine x2  
  39  8:57  Marine x2  
  43  9:06  Marine x3  
  46  9:35  Marine x3  
  46  9:51  Marine x2  
  46  9:52  Marine x2  
  42  9:54  Siege Tank  
  42  9:55  Starport Reactor  
  42  9:57  Barracks Tech Lab  
  42  9:59  SCV x2  
  41  10:02  Refinery  
  41  10:03  Refinery, Marine  
  41  10:04  Marine  
  43  10:11  SCV x2  
  43  10:12  Marine  
  46  10:15  Command Center  
  46  10:20  Barracks Tech Lab  
Tags
 
Add a new tag
Caveats
  • Supply blocks, unpowered buildings, or Contaminate may cause inaccurate times.
  • Supply counts are checked every 10 seconds.